[Event "Reykjavik Open 2025"]
[Site "Reykjavik"]
[Date "2025.04.10"]
[Round "3.20"]
[White "Jonsson, Johann"]
[Black "Lacroix, Romain"]
[Result "0-1"]
[Annotator "ChessBase"]
[ECO "D02"]
[WhiteElo "1890"]
[BlackElo "2101"]
[PlyCount "62"]
[EventDate "2025.04.09"]
[EventType "swiss"]
[EventCountry "ISL"]
[SourceTitle "playchess.com"]
[Source "ChessBase"]
[SourceQuality "1"]
[TimeControl "40/5400+30:1800+30"]

1. d4 Nf6 2. Nf3 e6 3. Bf4 c5 4. e3 Nc6 5. c3 d5 6. Bd3 Bd6 7. Bg3 O-O 8. O-O b6 9. Re1 Bb7 10. Nbd2 Ne7 11. e4 dxe4 12. Nxe4 Nxe4 13. Bxe4 Bxe4 14. Rxe4 Nf5 15. Bxd6 Qxd6 16. Qe2 Rfd8 17. dxc5 Qxc5 18. Qc4 Qe7 19. Ree1 Rac8 20. Qa4 h5 21. Rad1 g5 22. Qe4 Qf6 23. h3 Kg7 24. Ne5 Rc7 25. Qe2 Kh6 26. g4 Rxd1 27. Qxd1 Nh4 28. gxh5 Kg7 29. Ng4 Qf4 30. Re3 Rc5 31. h6+ Kh7 0-1

[Event "Reykjavik Open 2025"]
[Site "Reykjavik"]
[Date "2025.04.10"]
[Round "3.21"]
[White "Hafthorsson, Jon Ulfur"]
[Black "Beisteiner, Joachim"]
[Result "0-1"]
[Annotator "ChessBase"]
[ECO "D00"]
[WhiteElo "1872"]
[BlackElo "2097"]
[PlyCount "74"]
[EventDate "2025.04.09"]
[EventType "swiss"]
[EventCountry "ISL"]
[SourceTitle "playchess.com"]
[Source "ChessBase"]
[SourceQuality "1"]
[TimeControl "40/5400+30:1800+30"]

1. d4 d5 2. Nc3 Nf6 3. Bf4 a6 4. Nf3 e6 5. e3 b5 6. Bd3 Bb7 7. O-O Nbd7 8. a3 c5 9. dxc5 Nxc5 10. h3 Be7 11. b4 Ncd7 12. Re1 Rc8 13. Ne2 Nb6 14. Be5 O-O 15. Ng3 Nc4 16. Bxc4 Rxc4 17. Nd2 Rc8 18. e4 a5 19. c3 Nd7 20. Bd4 dxe4 21. Ngxe4 e5 22. Ba7 f5 23. Qb3+ Kh8 24. Ng3 Qc7 25. bxa5 Bxg2 26. Kxg2 Qxa7 27. Qxb5 Bc5 28. Rf1 e4 29. Nb3 Rb8 30. Qc4 Bd6 31. Qd4 Qc7 32. Nd2 Bxg3 33. fxg3 Ne5 34. Rab1 Rbd8 35. Qe3 Ng6 36. Nb3 Rd3 37. Qc5 Qxg3+ 0-1

[Event "Reykjavik Open 2025"]
[Site "Reykjavik"]
[Date "2025.04.10"]
[Round "3.22"]
[White "Haraldsson, Leif"]
[Black "Lohr, Matthias"]
[Result "0-1"]
[Annotator "ChessBase"]
[ECO "A03"]
[WhiteElo "1844"]
[BlackElo "2092"]
[PlyCount "138"]
[EventDate "2025.04.09"]
[EventType "swiss"]
[EventCountry "ISL"]
[SourceTitle "playchess.com"]
[Source "ChessBase"]
[SourceQuality "1"]
[TimeControl "40/5400+30:1800+30"]

1. f4 d5 2. Nf3 Nf6 3. g3 g6 4. Bg2 Bg7 5. d3 b6 6. O-O Bb7 7. c3 c5 8. Qc2 Qc7 9. Na3 a6 10. Bd2 Nbd7 11. Rac1 O-O 12. Nh4 b5 13. Qb1 e5 14. e3 c4 15. d4 exd4 16. exd4 Ne4 17. Be3 Rfe8 18. Rce1 Ndf6 19. Qd1 Bc8 20. Nc2 a5 21. Bc1 Bg4 22. Nf3 Rab8 23. Ne3 Bh5 24. Qc2 Bxf3 25. Bxf3 Qd7 26. Re2 Re7 27. Rfe1 Rbe8 28. b3 cxb3 29. axb3 b4 30. cxb4 axb4 31. Qd3 Nc3 32. Rc2 Nfe4 33. Bd2 f5 34. Kf1 h5 35. Ng2 Kh7 36. Ra1 Nxd2+ 37. Rxd2 Nb5 38. Ra5 Nc3 39. Rc2 Qd8 40. Ra6 Re6 41. Rd2 Qc8 42. Ra5 Qd8 43. Ra6 R8e7 44. Nh4 Rxa6 45. Qxa6 Qe8 46. Qa5 Re1+ 47. Kg2 Qe3 48. Rc2 Qd3 49. Rf2 Qxd4 50. Qa6 Qf6 51. Qb7 Qe7 52. Bxd5 Qxb7 53. Bxb7 Rb1 54. Ba6 Rxb3 55. Bc4 Ra3 56. Rb2 Bf8 57. Rd2 Ra7 58. Rd8 Be7 59. Rb8 Ne4 60. Nf3 Rd7 61. Be6 Rc7 62. Bb3 Bd6 63. Rd8 Be7 64. Rb8 Bd6 65. Rd8 Rc3 66. Nd4 Rd3 67. Rd7+ Kh6 68. Nb5 Rd2+ 69. Kh3 g5 0-1

[Event "Reykjavik Open 2025"]
[Site "Reykjavik"]
[Date "2025.04.10"]
[Round "3.23"]
[White "Blanchet, Mathieu"]
[Black "Yu, Tianxiang Carlos"]
[Result "1/2-1/2"]
[Annotator "ChessBase"]
[ECO "A57"]
[WhiteElo "2091"]
[BlackElo "1843"]
[PlyCount "66"]
[EventDate "2025.04.09"]
[EventType "swiss"]
[EventCountry "ISL"]
[SourceTitle "playchess.com"]
[Source "ChessBase"]
[SourceQuality "1"]
[TimeControl "40/5400+30:1800+30"]

1. d4 Nf6 2. c4 c5 3. d5 b5 4. Qc2 b4 5. a3 a5 6. e4 d6 7. Bd3 g6 8. Nf3 Bg7 9. O-O O-O 10. h3 Na6 11. Qd1 e5 12. dxe6 Bxe6 13. Re1 Nd7 14. Nbd2 bxa3 15. Rxa3 Nb4 16. Nf1 Ne5 17. Nxe5 Bxe5 18. Ne3 Qf6 19. Qe2 Nc6 20. Nd5 Bxd5 21. cxd5 Nd4 22. Qf1 g5 23. Be3 Rfb8 24. Rb1 Kh8 25. Qe1 a4 26. Bxd4 Bxd4 27. Bc2 Rb4 28. b3 Rab8 29. Rxa4 Bc3 30. Qe2 Rxa4 31. bxa4 Rxb1+ 32. Bxb1 Qd4 33. Qc2 Kg8 1/2-1/2

[Event "Reykjavik Open 2025"]
[Site "Reykjavik"]
[Date "2025.04.10"]
[Round "3.24"]
[White "Mensing, Adrian"]
[Black "Kiss, Inez"]
[Result "1-0"]
[Annotator "ChessBase"]
[ECO "B12"]
[WhiteElo "2078"]
[BlackElo "1812"]
[PlyCount "79"]
[EventDate "2025.04.09"]
[EventType "swiss"]
[EventCountry "ISL"]
[SourceTitle "playchess.com"]
[Source "ChessBase"]
[SourceQuality "1"]
[TimeControl "40/5400+30:1800+30"]

1. e4 c6 2. d4 d5 3. f3 Qb6 4. Nc3 dxe4 5. fxe4 e5 6. Nf3 exd4 7. Qxd4 Qxd4 8. Nxd4 Bc5 9. Nb3 Bb4 10. Bd2 Nf6 11. Bd3 O-O 12. O-O Be6 13. Rae1 Nbd7 14. a3 Bd6 15. Kh1 Bxb3 16. cxb3 Nc5 17. Bc2 Rfe8 18. b4 Ncd7 19. Bb3 Ne5 20. Bg5 Be7 21. Rf5 Bd8 22. Rd1 h6 23. Be3 Bb6 24. Bc5 Bxc5 25. bxc5 Re7 26. h3 Nfd7 27. Na4 g6 28. Rf2 Kg7 29. Ba2 Nf6 30. Nc3 Ned7 31. b4 a5 32. Rdf1 axb4 33. axb4 Ra3 34. Rf3 Ne5 35. Rxf6 Rxc3 36. R1f2 Re3 37. b5 Rxe4 38. R6f4 Rxf4 39. Rxf4 Nd3 40. Rc4 1-0

[Event "Reykjavik Open 2025"]
[Site "Reykjavik"]
[Date "2025.04.10"]
[Round "3.25"]
[White "Martin, Alix"]
[Black "Tessiore, Luca G"]
[Result "0-1"]
[Annotator "ChessBase"]
[ECO "C80"]
[WhiteElo "1807"]
[BlackElo "2087"]
[PlyCount "170"]
[EventDate "2025.04.09"]
[EventType "swiss"]
[EventCountry "ISL"]
[SourceTitle "playchess.com"]
[Source "ChessBase"]
[SourceQuality "1"]
[TimeControl "40/5400+30:1800+30"]

1. e4 e5 2. Nf3 Nc6 3. Bb5 a6 4. Ba4 Nf6 5. O-O Be7 6. c3 Nxe4 7. Re1 Nc5 8. Bxc6 dxc6 9. Nxe5 O-O 10. d4 Nd7 11. Bf4 Nxe5 12. Bxe5 Be6 13. Nd2 c5 14. dxc5 Bxc5 15. Nb3 Qxd1 16. Raxd1 Bb6 17. Bd4 Bxd4 18. Rxd4 Rad8 19. Red1 Rxd4 20. Rxd4 b6 21. f3 Rb8 22. Nc1 Kf8 23. a3 Ke7 24. Kf2 c5 25. Rd2 Rd8 26. Rxd8 Kxd8 27. Ke3 Ke7 28. h4 f6 29. g4 Kd6 30. Nd3 g5 31. hxg5 fxg5 32. Nf2 Ke5 33. Ne4 h6 34. Nd2 Bd5 35. b4 cxb4 36. cxb4 Bf7 37. Ne4 Bg6 38. Nc3 Be8 39. Ne4 Bd7 40. Nc3 Bc6 41. Nb1 Kd5 42. Nd2 Be8 43. Kd3 Bg6+ 44. Ke3 Bh7 45. a4 Bg6 46. a5 b5 47. f4 gxf4+ 48. Kxf4 Kd4 49. Nb3+ Kc4 50. Nc5 Kxb4 51. Nxa6+ Kxa5 52. Nc5 Kb4 53. Ne6 Kc4 54. Ke5 b4 55. Nd4 Be8 56. Nf3 Kc3 57. Nd4 Bd7 58. Nf5 b3 59. Ne3 Bxg4 60. Nxg4 b2 61. Nxh6 b1=Q 62. Nf5 Kd3 63. Nd6 Qe1+ 64. Kd5 Qh1+ 65. Ke5 Qh2+ 66. Kd5 Qh5+ 67. Ke6 Kd4 68. Nf5+ Kc5 69. Ke5 Qe8+ 70. Kf4 Qe6 71. Ng3 Kd4 72. Nf5+ Kd3 73. Ng3 Qf7+ 74. Nf5 Qf6 75. Kg4 Ke4 76. Ng3+ Ke5 77. Kh3 Qf3 78. Kh4 Kf6 79. Nh5+ Kg6 80. Ng3 Kh6 81. Kh3 Kg5 82. Kh2 Qf2+ 83. Kh3 Kf4 84. Nh5+ Kf3 85. Nf4 Qg3# 0-1

[Event "Reykjavik Open 2025"]
[Site "Reykjavik"]
[Date "2025.04.10"]
[Round "3.26"]
[White "Koperski, Dustin"]
[Black "Patel, Zain"]
[Result "1/2-1/2"]
[Annotator "ChessBase"]
[ECO "C45"]
[WhiteElo "1793"]
[BlackElo "2079"]
[PlyCount "124"]
[EventDate "2025.04.09"]
[EventType "swiss"]
[EventCountry "ISL"]
[SourceTitle "playchess.com"]
[Source "ChessBase"]
[SourceQuality "1"]
[TimeControl "40/5400+30:1800+30"]

1. e4 e5 2. Nf3 Nc6 3. d4 exd4 4. Nxd4 Nf6 5. Nxc6 bxc6 6. e5 Qe7 7. Qe2 Nd5 8. c4 Ba6 9. b3 Qh4 10. a3 Nf4 11. Qe4 Ng6 12. Qxh4 Nxh4 13. Nd2 Ng6 14. Bb2 O-O-O 15. g3 Nxe5 16. Bxe5 Re8 17. Nf3 f6 18. Bh3 fxe5 19. O-O e4 20. Nd4 Bb7 21. Rfe1 c5 22. Nb5 a6 23. Nc3 g6 24. Rad1 Bc6 25. Bg2 Bg7 26. Nxe4 Bxe4 27. Rxe4 Bd4 28. Rde1 Rxe4 29. Bxe4 c6 30. Re2 Kc7 31. Kg2 a5 32. a4 Rd8 33. Bd3 Bf6 34. f4 d5 35. cxd5 cxd5 36. Re6 Bc3 37. Kf3 Kd7 38. Re2 Rb8 39. Bb5+ Kd6 40. Re8 Rxe8 41. Bxe8 c4 42. bxc4 dxc4 43. Ke2 Kd5 44. Bd7 Bb2 45. Kd1 Ke4 46. Kc2 Bd4 47. Be6 c3 48. Bg8 h5 49. Bc4 Kf5 50. Bd3+ Kf6 51. h3 Bf2 52. g4 Be1 53. f5 gxf5 54. Bxf5 h4 55. Bc8 Kg5 56. Bd7 Bd2 57. Bc8 Kf4 58. Bd7 Ke5 59. Bc8 Kd4 60. Bd7 Bg5 61. Bc6 Bd2 62. g5 Bxg5 1/2-1/2

[Event "Reykjavik Open 2025"]
[Site "Reykjavik"]
[Date "2025.04.10"]
[Round "3.27"]
[White "Safarli, Eltaj"]
[Black "Llari, Marc"]
[Result "1-0"]
[Annotator "TA"]
[ECO "B31"]
[WhiteElo "2617"]
[BlackElo "2299"]
[PlyCount "69"]
[EventDate "2025.04.09"]
[EventType "swiss"]
[EventCountry "ISL"]
[SourceTitle "playchess.com"]
[Source "ChessBase"]
[SourceQuality "1"]
[TimeControl "40/5400+30:1800+30"]

1. e4 c5 2. Nf3 Nc6 3. Bb5 g6 4. O-O Bg7 5. d3 e5 6. a3 {[%emt 0:00:36] B31: Sicilian: 2...Nc6 3 Bb5 g6.} Nge7 7. b4 d6 8. bxc5 {[%emt 0:00:23] The position is equal.} dxc5 9. Bg5 {[%emt 0:00:09] next Bxc6+ is good for White.} Qc7 10. Nc3 $146 (10. Bxe7 Qxe7 11. Bxc6+ bxc6 12. Nbd2 Be6 13. Rb1 O-O 14. Qe2 Rab8 15. c4 Rb6 16. Rfd1 {0-1 Gabrielian,A (2428)-Mikhalsky,V (2219) Titled Tuesday intern op 17th Sep Late blitz 2024 (8)}) 10... Be6 11. Be3 a6 12. Bc4 Nd4 13. Bxe6 fxe6 (13... Nxe6 $14 14. a4 Rd8) 14. Nd2 $16 O-O 15. Ne2 Rad8 (15... Nec6 $14 {is more appropriate.}) 16. a4 Nec6 17. c3 Nxe2+ 18. Qxe2 Qd6 {[%emt 0:01:08] [#]} 19. Nb3 $1 b6 20. a5 Nxa5 21. Nxa5 bxa5 22. Rfd1 Qc6 23. c4 a4 24. Qc2 Rf7 25. Qxa4 Qxa4 26. Rxa4 Rfd7 27. Ra3 Bf8 28. Kf1 (28. Rxa6 Rxd3 29. Rxd3 Rxd3 $16) 28... Kf7 (28... Ra7 $16 {is a better defense.} 29. Rda1 Kf7) 29. Ke2 $18 (29. Rxa6 h5 30. Ke2 Rb7 $18) 29... Ra7 30. Rda1 Rc8 31. Rxa6 Rxa6 32. Rxa6 Rc7 33. Bd2 Ke7 34. Ba5 Rb7 35. Bc3 {[%emt 0:00:04] Dodges Rb2+.   Weighted Error Value: White=0.05 (flawless) /Black=0.14 (very precise)   Mistake:       	---       	Black=3      Inaccurate:     	White=1     	Black=2      OK:         	White=17    	Black=10     Best:        	White=1     	---} 1-0

[Event "Reykjavik Open 2025"]
[Site "Reykjavik"]
[Date "2025.04.10"]
[Round "3.28"]
[White "Maze, Sebastien"]
[Black "Ronka, Erik"]
[Result "1-0"]
[Annotator "TA"]
[ECO "C24"]
[WhiteElo "2557"]
[BlackElo "2295"]
[PlyCount "121"]
[EventDate "2025.04.09"]
[EventType "swiss"]
[EventCountry "ISL"]
[SourceTitle "playchess.com"]
[Source "ChessBase"]
[SourceQuality "1"]
[TimeControl "40/5400+30:1800+30"]

1. e4 e5 2. Nf3 Nc6 3. Bc4 Nf6 4. d3 d5 5. exd5 Nxd5 6. O-O Bc5 7. Nbd2 {[%emt 0:07:34] C24: Bishop's Opening: 2...Nf6.} O-O 8. Re1 f6 {[%emt 0:07:37] 8...Nf6 is setting a new trend.} 9. Ne4 {[%emt 0:04:36] White is slightly better.} Bb6 10. a4 a5 11. c3 Kh8 12. Qb3 Nce7 $146 (12... Nde7 13. Be3 Bxe3 14. Rxe3 b6 15. Rae1 Bg4 16. Ng3 Nf5 17. Nxf5 Bxf5 18. Nh4 Ne7 19. Nxf5 Nxf5 {1-0 Perez Ponsa,F (2554)-Ambartsumova,K (2382) Titled Tuesday intern op 30th Nov blitz 2021 (2)}) 13. h3 c6 14. Qa3 Bc7 15. d4 f5 (15... h6 $11) 16. Bxd5 $1 $14 cxd5 17. Bg5 $1 Re8 (17... fxe4 $2 18. Bxe7 Qe8 19. Bxf8 $18 (19. Nxe5 Rf5 $16)) 18. Nf6 gxf6 19. Bxf6+ Kg8 20. dxe5 Qd7 $1 {[%emt 0:04:39] Inhibits c4.} 21. c4 {[%emt 0:01:32][%mdl 1024] White has compensation.} Ng6 $2 (21... d4 $1 $14) 22. Rad1 $2 (22. cxd5 $1 $18 {Threatens to win with d6.} Bd8 (22... Qxd5 $2 23. Rac1 $18) 23. Bxd8 Qxd8 24. Rad1) 22... d4 $1 23. h4 (23. b3 $142) 23... f4 $2 (23... Ra6 $11) 24. h5 $2 ({White must play} 24. Rxd4 $18 Qe6 25. h5) 24... Nf8 $11 25. Nxd4 Qg4 26. Qc5 Bd8 27. Qd5+ Be6 (27... Ne6 $1 $11) 28. Qxb7 $16 {[%emt 0:03:24] White attacks} Bxf6 29. exf6 {[%emt 0:00:02] White has strong rooks and is better} Bf7 30. Nf3 $1 Qxh5 31. Re7 (31. Rxe8 $1 $16 Rxe8 32. Rd5) 31... Rab8 {[%emt 0:01:52] Black is weak on the dark squares} (31... Qg6 $1 $11) 32. Qc7 {[%emt 0:01:01][%cal Od1d5] White is much more active.} Rbc8 {[%emt 0:00:08] [#]} 33. Qxf4 (33. Qd6 $1 $16) 33... Ng6 $11 34. Qg3 Kf8 {[%emt 0:00:36][%mdl 8192] [#]} (34... Rxc4 $11 {and Black is okay.} 35. Rde1 Rd8) 35. Rdd7 $2 Rxe7 $14 36. fxe7+ {[%emt 0:00:08] White plays in the center} Nxe7 37. Qd6 Qc5 38. Qf6 Ke8 39. Rb7 ({White should play} 39. Ne5 $16 Bxc4 40. Rd3 Bxd3 41. Qh8+ Ng8 42. Qxg8+ (42. Nxd3 $2 Qd5 $19) 42... Ke7 43. Qf7+ (43. Nxd3 $2 Rxg8 44. Nxc5 Rb8 $19) 43... Kd6 44. Nxd3) 39... Rd8 (39... Bxc4 $11 {keeps the balance.} 40. Ne5 Rc7 41. Rb8+ Rc8) 40. Ne5 $16 Bg8 41. Qg7 (41. b4 $16 axb4 42. a5) 41... Be6 42. b3 (42. Qxh7 $2 {loses.} Rd1+ 43. Kh2 Qxe5+ $19) 42... Ng6 $1 {[%emt 0:09:14] ...Rd1+ would now be deadly. Repels Qf6} 43. Rb5 $40 {[%emt 0:00:07][%mdl 128] Black needs to defend precisely.} Qd4 (43... Qf8 $11 44. Qxf8+ (44. Qxh7 $2 Rd1+ 45. Kh2 Qf4+ 46. g3 Qxf2#) 44... Kxf8) 44. Qf6 $1 $14 {[%emt 0:05:37] Some like it hot} (44. Rxa5 {leads to mate.} Qd1+ 45. Kh2 Qh5+ 46. Kg3 Qh4+ 47. Kf3 Qf4+ 48. Ke2 Qe4+ 49. Kf1 Rd1#) 44... Qd1+ 45. Kh2 Qh5+ 46. Kg3 Qf5 47. Qxf5 Bxf5 48. Rxa5 Bc2 49. b4 Nxe5 $2 (49... Bb3 $1 $14) 50. Rxe5+ {[%emt 0:00:04][%mdl 4096] Endgame KRB-KR} Kf7 51. a5 Bd3 52. Rc5 Ke6 53. a6 Be4 $2 (53... Bf1 54. b5 Rg8+ 55. Kf4 Bxg2) 54. f3 $18 {[%emt 0:00:17] White is clearly winning.} Ba8 55. b5 Kd6 56. Rh5 Rg8+ (56... Rc8 $142 57. c5+ (57. Rxh7 Kc5 $18) 57... Rxc5 58. Rh6+ (58. Rxh7 Rxb5 59. a7 Ra5 $11) 58... Kc7 59. b6+ (59. Rxh7+ Kb6 $16) 59... Kd7 60. Rxh7+ Kd6) 57. Kf2 Rc8 58. b6 Bc6 59. c5+ Ke6 60. Rxh7 Bd5 61. b7 {[%emt 0:00:33] Weighted Error Value: White=0.29 (precise) /Black=0.83  Loses game:     	---       	Black=4      Missed win:     	White=3     	---        Mistake:       	White=5     	Black=7      Inaccurate:     	White=4     	Black=4      OK:         	White=10    	Black=17     Best:        	White=10    	Black=6      Strong:       	White=4     	Black=3} 1-0

[Event "Reykjavik Open 2025"]
[Site "Reykjavik"]
[Date "2025.04.10"]
[Round "3.29"]
[White "Friedel, Joshua"]
[Black "Xu, Yuanyuan"]
[Result "1-0"]
[Annotator "TA"]
[ECO "A07"]
[WhiteElo "2552"]
[BlackElo "2288"]
[PlyCount "71"]
[EventDate "2025.04.09"]
[EventType "swiss"]
[EventCountry "ISL"]
[SourceTitle "playchess.com"]
[Source "ChessBase"]
[SourceQuality "1"]
[TimeControl "40/5400+30:1800+30"]

1. Nf3 Nf6 2. g3 d5 3. Bg2 g6 4. c4 d4 5. b4 c5 6. Bb2 Bg7 7. O-O O-O 8. d3 Nc6 {[%emt 0:05:12] A07: Réti Opening: New York and Capablanca Systems.} 9. b5 Nb8 10. e3 dxe3 {[%emt 0:02:43] The position is equal.} 11. fxe3 a6 $146 (11... Bf5 12. Ne1 Qc7 13. Nc3 Nbd7 14. Qe2 Rad8 15. Rd1 Ne5 16. Rd2 h5 17. h3 Qd7 {0-1 Mekhitarian,K (2554)-Mareco,S (2629) FIDE World Cup American Qual Final rapid 2021 (6)}) 12. a4 Ng4 (12... Bh6 $11) 13. Bxg7 $14 Kxg7 14. Qe2 axb5 15. cxb5 Nd7 16. Nc3 Nde5 17. Nxe5 Nxe5 18. Nd5 {[%emt 0:01:15] White is more active.} Bf5 19. Qb2 f6 20. d4 cxd4 21. exd4 Nd3 {[%emt 0:00:59] Loses the game.} (21... Nf7 $16 {keeps fighting.} 22. Rfc1 Qd6) 22. Qe2 $1 $18 Nb4 23. Qxe7+ (23. Nxb4 Qxd4+ 24. Kh1 Qxb4 $11) 23... Qxe7 24. Nxe7 Bd3 {[%emt 0:00:31] [#]} 25. Rfd1 (25. Bxb7 Ra7 26. Nc6 Rxb7 27. Nxb4 Bxf1 28. Kxf1 Rd8 $11) 25... Nc2 26. Rac1 (26. Bxb7 Ra7 $18) 26... Nxd4 $2 (26... Bc4 27. Rxc2 Bb3) 27. Rc7 {[%emt 0:00:53] and Nf5+ should not be overlooked} ({Stronger than} 27. Rxd3 Ne2+ (27... Rxa4 $2 {too greedy.} 28. Rb1 $18) 28. Kf1 Nxc1 $15) (27. Bxb7 Rxa4 28. Rc7 Nxb5 $11) 27... Ne6 28. Rxb7 Rxa4 29. Rxd3 Nc5 {[%emt 0:00:46] [#]} 30. Nf5+ $1 Kg8 {[%emt 0:05:05] Hoping for ...Ra1+.} 31. Rg7+ Kh8 {[%emt 0:00:04] [#]} 32. Rf7 $3 {[%emt 0:00:06][%cal Rf7f8][%mdl 512] White is clearly winning.} Ra1+ 33. Bf1 Rc8 {[%emt 0:00:15] [#]} 34. Rc7 $1 Raa8 35. Rxc8+ Rxc8 36. Nd6 {[%emt 0:00:18] Weighted Error Value: White=0.05 (flawless) /Black=0.40  Loses game:     	---       	Black=1      Mistake:       	---       	Black=2      Inaccurate:     	White=4     	Black=4      OK:         	White=6     	Black=7      Best:        	White=6     	Black=1      Strong:       	White=1     	---} 1-0

[Event "Reykjavik Open 2025"]
[Site "Reykjavik"]
[Date "2025.04.10"]
[Round "3.30"]
[White "Sarkar, Justin"]
[Black "Cramling Bellon, Anna"]
[Result "1-0"]
[Annotator "ChessBase"]
[ECO "D32"]
[WhiteElo "2305"]
[BlackElo "2046"]
[PlyCount "49"]
[EventDate "2025.04.09"]
[EventType "swiss"]
[EventCountry "ISL"]
[SourceTitle "playchess.com"]
[Source "ChessBase"]
[SourceQuality "1"]
[TimeControl "40/5400+30:1800+30"]

1. Nf3 d5 2. e3 c5 3. b3 Nc6 4. Bb5 Bd7 5. O-O Nf6 6. Bb2 e6 7. c4 Be7 8. cxd5 exd5 9. d4 cxd4 10. Nxd4 O-O 11. Nc3 Rc8 12. Nxc6 bxc6 13. Bd3 Bd6 14. e4 Bxh2+ 15. Kxh2 Ng4+ 16. Kg3 h5 17. Rh1 g5 18. Qd2 h4+ 19. Kf3 Qf6+ 20. Ke2 Nxf2 21. Nxd5 Bg4+ 22. Kf1 Qxb2 23. Qxg5+ Qg7 24. Nf6+ Kh8 25. Rxh4+ 1-0

[Event "Reykjavik Open 2025"]
[Site "Reykjavik"]
[Date "2025.04.10"]
[Round "3.31"]
[White "Arun, Nitish"]
[Black "Williams, Simon K"]
[Result "0-1"]
[Annotator "ChessBase"]
[ECO "A96"]
[WhiteElo "2004"]
[BlackElo "2451"]
[PlyCount "96"]
[EventDate "2025.04.09"]
[EventType "swiss"]
[EventCountry "ISL"]
[SourceTitle "playchess.com"]
[Source "ChessBase"]
[SourceQuality "1"]
[TimeControl "40/5400+30:1800+30"]

1. d4 e6 2. c4 f5 3. g3 Nf6 4. Bg2 Be7 5. Nf3 Ne4 6. Nc3 O-O 7. O-O Nxc3 8. bxc3 d6 9. Qd3 Nc6 10. e4 e5 11. exf5 Bxf5 12. Qd1 Qe8 13. Be3 Qh5 14. Nd2 Qg6 15. Qb3 Rab8 16. c5+ Kh8 17. d5 Na5 18. Qb4 b6 19. c6 Bg5 20. Bxg5 Qxg5 21. Ne4 Bxe4 22. Bxe4 Qd2 23. a3 Rf6 24. Rad1 Qe2 25. Bd3 Qh5 26. Rd2 Rbf8 27. Be4 Qg5 28. Re2 h5 29. f3 h4 30. g4 h3 31. Ref2 Rf4 32. Re1 a6 33. a4 R8f6 34. Kf1 Rf8 35. Kg1 g6 36. Kf1 Kg7 37. Kg1 Kh6 38. Kf1 Nxc6 39. Qc4 Na5 40. Qb4 Nb7 41. a5 Nc5 42. axb6 cxb6 43. Qc4 b5 44. Qa2 Nxe4 45. Rxe4 Rxe4 46. fxe4 Qc1+ 47. Ke2 Rxf2+ 48. Kxf2 Qf4+ 0-1

[Event "Reykjavik Open 2025"]
[Site "Reykjavik"]
[Date "2025.04.10"]
[Round "3.32"]
[White "Allard, Thomas"]
[Black "Kavutskiy, Kostya"]
[Result "0-1"]
[Annotator "ChessBase"]
[ECO "B32"]
[WhiteElo "2053"]
[BlackElo "2351"]
[PlyCount "62"]
[EventDate "2025.04.09"]
[EventType "swiss"]
[EventCountry "ISL"]
[SourceTitle "playchess.com"]
[Source "ChessBase"]
[SourceQuality "1"]
[TimeControl "40/5400+30:1800+30"]

1. e4 c5 2. Nf3 Nc6 3. d4 cxd4 4. Nxd4 e5 5. Nb5 d6 6. N1c3 a6 7. Na3 Be6 8. Nc4 Rb8 9. a4 Nb4 10. Be3 Nf6 11. Be2 Qc7 12. Nd2 d5 13. exd5 Nfxd5 14. O-O Nxe3 15. fxe3 Bc5 16. Rf3 Rd8 17. Qc1 Bg4 18. Rg3 Bxe2 19. Nxe2 Nxc2 20. b4 Nxa1 21. bxc5 O-O 22. Ne4 Qc6 23. Qb1 f5 24. Nd6 Rd7 25. Qxa1 Qxc5 26. Qa2+ Kh8 27. Nc4 b5 28. axb5 axb5 29. Nd2 f4 30. Rh3 fxe3 31. Nf1 Rxf1+ 0-1